 Dungeon Crawl Stone Soup version 0.30-a0-949-g53dc5368d7 (webtiles) character file.

Game seed: 15070864138725636163

272 bohran the Conjurer (level 5, -5/38 HPs)
             Began as a Demigod Conjurer on Mar 27, 2023.
             Shot with an arrow by a centaur (11 damage)
             ... on level 4 of the Dungeon.
             The game lasted 00:12:53 (3556 turns).

bohran the Conjurer (Demigod Conjurer)              Turns: 3556, Time: 00:12:55

Health: -5/38      AC:  5    Str:  8    XL:     5   Next: 71%
Magic:  6/14       EV: 13    Int: 24    God:
Gold:   144        SH:  0    Dex: 18    Spells: 5/11 levels left

rFire   . . .      SeeInvis .    (no weapon)
rCold   . . .      Faith    .    (no shield)
rNeg    . . .      Spirit   .    a - +0 robe
rPois   .          Reflect  .    (no helmet)
rElec   .          Rampage  .    j - +2 cloak
rCorr   .                        (no gloves)
Will    +....                    (no boots)
Stlth   ++                       (no amulet)
HPRegen 0.26/turn                d - +6 ring of dexterity
MPRegen 0.14/turn                g - ring of willpower

@: no status effects
A: high MP 1, forlorn, divine attributes
a: no special abilities


You were on level 4 of the Dungeon.
You visited 1 branch of the dungeon, and saw 4 of its levels.

You collected 144 gold pieces.

Inventory:

Hand Weapons
 h - a +0 hand axe of electrocution
 w - a +4 dagger of draining
Armour
 a - a +0 robe (worn)
 j - a +2 cloak (worn)
Jewellery
 d - a +6 ring of dexterity (left hand)
 g - a ring of willpower (right hand)
Wands
 b - a wand of charming (14)
Scrolls
 e - a scroll of immolation {unknown}
 k - 3 scrolls of identify {unknown}
 l - 2 scrolls of fog {unknown}
 m - a scroll of fear {unknown}
 n - a scroll of teleportation {unknown}
 q - a scroll of amnesia {unknown}
 r - a scroll of vulnerability {unknown}
 s - a scroll of torment {unknown}
 t - a scroll of enchant armour {unknown}
 v - a scroll of enchant weapon {unknown}
Potions
 c - 2 potions of curing {unknown}
 f - a potion of lignification {unknown}
 i - a potion of mutation {unknown}
 o - a potion of degeneration {unknown}
 p - a potion of heal wounds {unknown}
 u - a potion of might {unknown}


   Skills:
 + Level 2.4 Dodging
 - Level 1.7 Stealth
 + Level 3.9 Spellcasting
 - Level 5.0 Conjurations


You had 5 spell levels left.
You knew the following spells:

 Your Spells              Type           Power      Damage    Failure   Level
a - Magic Dart            Conj           100%       1d8       1%          1
b - Searing Ray           Conj           58%        2d6       1%          2
c - Mephitic Cloud        Conj/Pois/Air  12%        N/A       14%         3

Your spell library contained the following spells:

 Spells                   Type           Power      Damage    Failure   Level
 Dazzling Flash           Conj/Hex       32%        N/A       11%         3
 Call Imp                 Summ           4%         N/A       16%         2
 Fulminant Prism          Conj/Hex       8%         3d7       34%         4
 Iskenderun's Mystic Bla  Conj/Tloc      16%        2d5       34%         4


Dungeon Overview and Level Annotations

Branches:
Dungeon (4/15)             Temple (0/1) D:4

Shops:
D:2 *


Innate Abilities, Weirdness & Mutations

You have an increased reservoir of magic. (+10% MP)
You shall have no god before yourself.
Your divine heritage dramatically boosts your attributes as you level up.


Message History

Press: ? - help, Shift-Dir - straight line, f/p - centaur
Aim: a centaur, wielding a +0 shortbow (100% to hit)
The magic dart hits the centaur.
The centaur is moderately wounded.
The centaur shoots an arrow.
The arrow closely misses you.
Casting: Magic Dart (safe; 1% risk of failure)
Confirm with . or Enter, or press ? or * to list all spells.
Aiming: Magic Dart (safe; 1% risk of failure)
Press: ? - help, Shift-Dir - straight line, f/p - centaur
Aim: a centaur, wielding a +0 shortbow (moderately wounded, 100% to hit)
The magic dart hits the centaur.
The centaur is moderately wounded.
The centaur shoots an arrow.
The arrow hits you!
The centaur shoots an arrow.
The arrow hits you!
You see here an iguana corpse.
Okay, then.
Casting: Magic Dart (safe; 1% risk of failure)
Confirm with . or Enter, or press ? or * to list all spells.
Aiming: Searing Ray (safe; 1% risk of failure)
Press: ? - help, Shift-Dir - straight line, f/p - centaur
Aim: a centaur, wielding a +0 shortbow (moderately wounded, 87% to hit)
The searing ray hits the centaur.
The centaur is heavily wounded. (Press . to maintain the ray.)
The centaur shoots an arrow.
The arrow misses you.
The searing ray hits the centaur.
The centaur is severely wounded.
The centaur shoots an arrow.
The arrow misses you.
The centaur shoots an arrow.
The arrow barely misses you.
The searing ray hits the centaur but does no damage.
The centaur is severely wounded.
The centaur shoots an arrow.
The arrow hits you.
* * * LOW HITPOINT WARNING * * *
The searing ray hits the centaur.
The centaur is almost dead.
You finish channelling your searing ray.
The centaur shoots an arrow.
The arrow hits you.
* * * LOW HITPOINT WARNING * * *
The centaur shoots an arrow.
The arrow hits you!
You die...

# ###........##.##.#
........####..).)..#
....##.....#.##.####
.##......#........#
.....##.###.....#.#
##..#....# ##.##.#.#
....#.##.###..##....
#.....†..#.#.####.##
...##.#@......... .#
> .. #....##.... #
..# .c...######. ##
c..##.## ..##. ..# #
. #.# .# #.# .. ...


You could see a centaur.

Vanquished Creatures
  An orc priest (D:4)
  2 iguanas
  An orc wizard (D:4)
  6 adders
  3 gnolls (D:2)
  A worm (D:2)
  3 dart slugs
  6 orcs (D:4)
  8 endoplasms
  4 giant cockroaches
  10 hobgoblins
  3 kobolds
  A quokka (D:1)
  4 ball pythons
  4 bats
  A frilled lizard (D:2)
  7 goblins
  4 rats
69 creatures vanquished.

Notes
Turn   | Place    | Note
-------+----------+-------------------------------------------
     0 | D:1      | bohran the Demigod Conjurer began the quest for the Orb.
     0 | D:1      | Reached XP level 1. HP: 14/14 MP: 5/5
   386 | D:1      | Reached XP level 2. HP: 20/20 MP: 4/7
   717 | D:1      | Reached skill level 4 in Conjurations
   808 | D:2      | Learned a level 2 spell: Searing Ray
  1112 | D:2      | Reached XP level 3. HP: 26/26 MP: 1/9
  1486 | D:2      | Found Rastexag's Assorted Antiques.
  1556 | D:2      | Reached XP level 4. HP: 33/33 MP: 5/11
  3305 | D:4      | Reached skill level 5 in Conjurations
  3305 | D:4      | Reached XP level 5. HP: 38/38 MP: 8/13
  3498 | D:4      | Found a staircase to the Ecumenical Temple.
  3510 | D:4      | Learned a level 3 spell: Mephitic Cloud
  3546 | D:4      | Noticed a centaur
  3556 | D:4      | Shot with an arrow by a centaur

Illustrated notes

Levels and vault maps discovered:
D:1:      dpeg_arrival_windows_large_door, layout_rooms
D:2:      layout_loops_corners, serial_shops, shop
D:3:      layout_basic, minmay_joined_circles
D:4:      layout_loops_cross, minmay_temple_entry_ruins, uniq_natasha

Skill      XL: |  1  2  3  4  5 |
---------------+----------------+-----
Spellcasting   | 2 3 |  3.9
Conjurations   | 4 5 |  5.0
Dodging        | 2 |  2.4
Stealth        | |  1.7

Action                     |  1- 3 |  4- 6 || total
---------------------------+-------+-------++-------
   Cast: Magic Dart        |    72 |    56 ||   128
         Searing Ray       |     1 |     8 ||     9
    Use: Potion            |       |     1 ||     1
 Armour: Robe              |       |     5 ||     5
  Dodge: Dodged            |     5 |    12 ||    17

Table legend: (Time is in decaauts)
 A = Elapsed time spent in this place.
 B = Non-inter-level travel time spent in this place.
 C = Inter-level travel time spent in this place.
 D = Time resting spent in this place.
 E = Time spent auto-exploring this place.
 F = Levels seen in this place.
 G = Mean time per level.
                   A        B        C        D        E       F      G
               +--------+--------+--------+--------+--------+-----+--------+
         Total |   3554 |   3449 |    105 |   1105 |   2022 |   4 |  888.5 |
       Dungeon |   3554 |   3449 |    105 |   1105 |   2022 |   4 |  888.5 |
               +--------+--------+--------+--------+--------+-----+--------+

Top non-repeatable levels by time:
     D:2: 1344 daAuts
     D:3: 1030 daAuts
     D:1: 800 daAuts
     D:4: 378 daAuts
